 Dungeon Crawl Stone Soup version 0.26-a0-646-g5d77183 (webtiles) character file.

Game seed: 10096031791395116058

11 dickylongcocking the Magician (level 2, 0/23 HPs)
             Began as a Demonspawn Hedge Wizard on Sept 24, 2020.
             Was an Initiate of Kikubaaqudgha.
             Succumbed to an adder's poison
             ... on level 2 of the Dungeon.
             The game lasted 00:01:23 (1304 turns).

dickylongcocking the Magician (DsWz)                Turns: 1304, Time: 00:01:23

Health: 0/23       AC:  4    Str:  8 (10) XL:     2   Next: 17%
Magic:  2/6        EV: 11    Int: 13 (15) God:    Kikubaaqudgha [......]
Gold:   48         SH:  0    Dex:  9 (12) Spells: 4/7 levels left

rFire    . . .     SeeInvis .   a - +1 dagger
rCold    . . .     Faith    .   (no shield)
rNeg     . . .     Spirit   .   g - +0 leather armour
rPois    .         Reflect  .   c - +0 hat
rElec    .         Harm     .   (no cloak)
rCorr    .         Rampage  .   (no gloves)
MR       .....                  (no boots)
Stlth    +.........             (no amulet)
HPRegen  0.00/turn              (no ring)
MPRegen  0.10/turn              (no ring)

@: lethally poisoned (0 -> -12)
A: talons 1, robust 1, shaggy fur 1, inhibited regeneration, MP-powered wands
a: Renounce Religion


You were on level 2 of the Dungeon.
You worshipped Kikubaaqudgha.
Kikubaaqudgha was noncommittal.
You visited 1 branch of the dungeon, and saw 2 of its levels.

You collected 48 gold pieces.

Inventory:

Hand Weapons
 a - a +1 dagger (weapon)
Armour
 b - a +0 robe
 c - a +0 hat (worn)
 g - a +0 leather armour (worn)
Scrolls
 d - a scroll of enchant weapon


   Skills:
 * Level 1.3 Fighting
 - Level 1.0 Short Blades
 - Level 1.7 Dodging
 - Level 1.7 Stealth
 - Level 3.0 Spellcasting
 - Level 1.0 Conjurations
 - Level 1.0 Summonings
   Level 0.8 Translocations


You had 4 spell levels left.
You knew the following spells:

 Your Spells              Type           Power        Failure   Level
a - Magic Dart            Conj           #...         22%         1
b - Call Imp              Summ           #.......     32%         2

Your spell library contained the following spells:

 Spells                   Type           Power        Failure   Level
 Blink                    Tloc           N/A          34%         2
 Slow                     Hex            #.......     45%         2
 Conjure Flame            Conj/Fire      #.......     63%         3
 Mephitic Cloud           Conj/Pois/Air  #.......     65%         3


Dungeon Overview and Level Annotations

Branches:
Dungeon (2/15)

Altars:
Kikubaaqudgha


Innate Abilities, Weirdness & Mutations

You have sharp toenails.
You are robust. (+10% HP)
You are covered in fur. (AC +1)
You do not regenerate when monsters are visible.
You expend magic power (3 MP) to strengthen your wands.


Message History

You aren't carrying any potions.
Unknown command.
Press < or > to pray at altars.
You feel sick.
Your crimson imp closely misses the giant cockroach.
Unknown command.
Unknown command.
You miss the adder. The adder bites you.
* * * LOW HITPOINT WARNING * * *
The giant cockroach barely misses you. The rat misses you. The adder bites you.
* * * LOW HITPOINT WARNING * * *
You are more poisoned.
The adder poisons you!
Unknown command.
Unknown command.
Unknown command.
You hit the adder but do no damage. You claw the adder.
The adder is lightly wounded.
You die...
Kikubaaqudgha rasps: "You have failed me!
Welcome... death!"

.....#........##
.......⌠..≈≈..##
....#..≈≈≈≈≈..#
#...##.≈≈≈≈≈≈.#
...# ##.≈≈≈≈≈≈.#
... #...≈.≈...#
.# #...5......
#.rSs...⌠..
#..@.##....
###### #.. ..


You could see an adder, a giant cockroach, a rat and a friendly crimson imp
(summoned).

Vanquished Creatures
  3 hobgoblins (D:1)
  A frilled lizard (D:1)
  2 kobolds (D:1)
  4 rats (D:1)
10 creatures vanquished.

Vanquished Creatures (collateral kills)
  A leopard gecko (D:2)
  A rat (D:1)
2 creatures vanquished.

Grand Total: 12 creatures vanquished

Notes
Turn   | Place    | Note
-------+----------+-------------------------------------------
     0 | D:1      | dickylongcocking the Demonspawn Hedge Wizard began the
                  | quest for the Orb.
     0 | D:1      | Reached XP level 1. HP: 13/13 MP: 4/4
   199 | D:1      | Reached skill level 1 in Short Blades
   880 | D:1      | Reached skill level 1 in Fighting
   906 | D:1      | Gained mutation: You have sharp toenails. [demonic
                  | ancestry]
   906 | D:1      | Reached XP level 2. HP: 20/21 MP: 6/6
  1182 | D:1      | Learned a level 2 spell: Call Imp
  1284 | D:2      | Found an ancient bone altar of Kikubaaqudgha.
  1298 | D:2      | Became a worshipper of Kikubaaqudgha
  1299 | D:2      | Gained mutation: You expend magic power (3 MP) to
                  | strengthen your wands. [potion of mutation]
  1299 | D:2      | Gained mutation: You are robust. (+10% HP) [potion of
                  | mutation]
  1299 | D:2      | Gained mutation: You do not regenerate when monsters are
                  | visible. [potion of mutation]
  1299 | D:2      | Gained mutation: You are covered in fur. (AC +1) [potion of
                  | mutation]
  1303 | D:2      | HP: 1/23 [adder (3)]
  1304 | D:2      | Succumbed to an adder's poison

Illustrated notes

Levels and vault maps discovered:
D:1:      dpeg_arrival_simpleton_c, layout_basic, minmay_crystal_room,
          minmay_misc_feat_rows
D:2:      minmay_angry_zag, layout_basic, fedhas_altar_3,
          kiku_gazebo_pond_becter, minmay_misc_feat_four_crosses

Skill      XL: |  1 |
---------------+----+-----
Short Blades   | 1 |  1.0
Fighting       | 1 |  1.3
Dodging        | |  1.7
Stealth        | |  1.7
Spellcasting   | |  3.0
Conjurations   | |  1.0
Summonings     | |  1.0
Translocations | |  0.8

Action                   || total
-------------------------++-------
Melee: Dagger            ||    30
       Kick              ||     3
 Cast: Magic Dart        ||    14
       Call Imp          ||     2
  Use: Potion            ||     3
       Scroll            ||     2
 Stab: Sleeping          ||     1
Armor: Robe              ||     2
       Leather armour    ||     8
Dodge: Dodged            ||    36

Table legend: (Time is in decaauts)
 A = Elapsed time spent in this place.
 B = Non-inter-level travel time spent in this place.
 C = Inter-level travel time spent in this place.
 D = Time resting spent in this place.
 E = Time spent auto-exploring this place.
 F = Levels seen in this place.
 G = Mean time per level.
                   A        B        C        D        E       F      G
               +--------+--------+--------+--------+--------+-----+--------+
         Total |   1302 |   1248 |     54 |    293 |    779 |   2 |  651.0 |
       Dungeon |   1302 |   1248 |     54 |    293 |    779 |   2 |  651.0 |
               +--------+--------+--------+--------+--------+-----+--------+

Top non-repeatable levels by time:
     D:1: 1272 daAuts
     D:2: 30 daAuts
